Map: Para Site LE

Players

Rogue - Winner!

  • Race: Zerg Zerg
  • Spawn Location: 11:00

Harstem

  • Race: Protoss Protoss
  • League: Master
  • Spawn Location: 5:00

Event: HomeStory Cup XVIII

VOD

Have the link to the VOD?

Description

Time

  • Played on: Nov. 22, 2018, 6:45 a.m.
  • Length: 8:38

All games in this series

Show
View Real Time Build Order
Export as new Build Order

Rogue Zerg - Winner!

Build Orders: Hatch First, Roach Hydra 

Get SALT Encoding   

  12  0:00  Drone  
  13  0:13  Overlord  
  13  0:17  Drone  
  14  0:31  Drone x2  
  16  0:48  Hatchery  
  15  0:51  Drone  
  15  0:54  Drone  
  17  0:57  Drone  
  18  1:08  Extractor  
  17  1:13  Spawning Pool  
  17  1:15  Drone  
  17  1:19  Drone  
  18  1:29  Drone  
  19  1:39  Drone  
  20  1:49  Hatchery  
  20  1:50  Drone  
  20  1:59  Queen  
  22  2:03  Drone  
  22  2:06  Drone  
  24  2:13  Metabolic Boost  
  24  2:15  Drone  
  24  2:18  Drone  
  26  2:24  Overlord  
  26  2:31  Zergling x2  
  26  2:32  Zergling x2  
  28  2:41  Queen  
  28  2:42  Zergling x2  
  31  2:45  Queen  
  31  2:48  Drone  
  34  2:51  Drone  
  34  2:54  Drone  
  36  3:02  Queen  
  38  3:07  Overlord  
  38  3:08  Drone x2  
  38  3:12  Drone  
  41  3:15  Drone  
  41  3:19  Overlord  
  42  3:25  Queen  
  44  3:29  Spore Crawler  
  44  3:30  Drone x2  
  44  3:31  Drone  
  44  3:33  Drone  
  47  3:35  Drone  
  47  3:37  Overlord  
  48  3:44  Drone x2  
  48  3:47  Spore Crawler  
  49  3:49  Drone  
  49  3:52  Overlord  
  50  4:02  Drone x7  
  57  4:09  Overlord  
  57  4:12  Drone  
  58  4:18  Drone x4  
  58  4:23  Overlord  
  58  4:24  Drone x3  
  63  4:29  Lair  
  65  4:34  Zergling x6  
  65  4:36  Roach Warren, Zergling x4  
  69  4:42  Extractor x2  
  69  4:44  Drone x4  
  71  4:47  Extractor  
  71  4:51  Overlord  
  69  4:53  Drone x2  
  69  4:54  Spore Crawler  
  69  4:55  Drone x3  
  73  5:00  Drone  
  73  5:01  Drone x3  
  73  5:04  Extractor  
  73  5:06  Overlord  
  73  5:07  Overlord  
  76  5:11  Drone x3  
  78  5:16  Drone  
  78  5:18  Overlord  
  79  5:24  Evolution Chamber  
  78  5:28  Glial Reconstitution  
  78  5:32  Drone  
  78  5:33  Drone x2  
  78  5:34  Hydralisk Den  
  78  5:35  Spore Crawler  
  79  5:38  Spore Crawler  
  79  5:42  Drone  
  79  5:43  Drone x2, Spore Crawler x2  
  79  5:45  Overlord  
  79  5:46  Overlord, Drone x2  
  79  5:47  Drone x2  
  76  5:59  Drone  
  75  6:06  Grooved Spines  
  75  6:07  Hydralisk x7  
  75  6:08  Hydralisk  
  91  6:15  Hydralisk x2  
  91  6:16  Hydralisk  
  97  6:21  Hydralisk x2  
  97  6:24  Hydralisk x2  
  105  6:30  Zerg Missile Weapons Level 1  
  105  6:34  Hydralisk  
  106  6:50  Roach  
  106  6:51  Roach x7  
  106  6:53  Hatchery  
  121  6:59  Overlord x3  
  119  7:14  Roach x5  
  129  7:17  Overlord  
  129  7:18  Muscular Augments  
  129  7:22  Roach x5  
  139  7:26  Zergling x2  
  139  7:27  Zergling x8  
  139  7:28  Zergling x2  
  144  7:31  Ravager x2  
  144  7:35  Overlord  
  146  7:38  Zergling x8  
  146  7:40  Ravager x2  
  146  7:42  Zergling x6  
  154  7:47  Ravager  
  154  7:48  Zergling x10  
  160  7:51  Zergling x2  
  160  7:52  Overseer  
  160  7:58  Zergling x4  
  163  8:03  Zergling x6  
  163  8:04  Zergling x2  
  164  8:06  Zergling x2  
  164  8:09  Zergling x2  
  164  8:10  Zergling x6  
  164  8:12  Zergling x2  
  164  8:16  Zergling x10  
Show
View Real Time Build Order
Export as new Build Order

Harstem Protoss 

Build Orders: 1 Gate Expand, Oracle Opening, Phoenix Opening, Mass Phoenix 

Get SALT Encoding   

  12  0:00  Probe  
  13  0:13  Probe  
  14  0:17  Pylon  
  14  0:24  Probe  
  15  0:32  Probe  
  15  0:38  Gateway  
  15  0:40  Probe  
  16  0:47  Assimilator  
  17  0:51  Probe  
  18  1:03  Probe  
  19  1:15  Probe  
  20  1:24  Nexus  
  20  1:35  Cybernetics Core  
  20  1:37  Probe  
  21  1:46  Assimilator  
  21  1:49  Probe  
  22  1:54  Pylon  
  22  2:01  Probe  
  22  2:03  Adept  
  23  2:13  Probe  
  26  2:18  Stargate  
  26  2:24  Probe  
  26  2:29  Warp Gate  
  27  2:32  Probe  
  27  2:33  Adept, Probe  
  30  2:40  Probe  
  30  2:41  Probe  
  31  2:45  Assimilator  
  33  2:52  Probe x2, Assimilator  
  35  3:01  Phoenix  
  35  3:04  Probe x2  
  39  3:16  Oracle, Probe x2  
  39  3:17  Pylon  
  41  3:23  Gateway  
  44  3:28  Probe  
  44  3:30  Probe  
  46  3:40  Probe  
  47  3:42  Probe  
  47  3:48  Stargate  
  48  3:52  Pylon, Probe  
  48  3:54  Probe  
  50  4:01  Phoenix  
  52  4:04  Probe  
  52  4:05  Pylon  
  52  4:07  Probe  
  54  4:16  Probe  
  55  4:19  Pylon, Probe  
  55  4:23  Phoenix  
  56  4:24  Phoenix  
  56  4:28  Probe  
  59  4:31  Probe  
  59  4:37  Zealot  
  64  4:41  Phoenix  
  64  4:46  Phoenix  
  64  4:52  Nexus  
  68  4:58  Probe  
  68  4:59  Pylon, Probe  
  70  5:06  Phoenix  
  72  5:11  Phoenix  
  72  5:14  Probe  
  75  5:15  Probe  
  75  5:17  Pylon, Zealot x2  
  80  5:24  Shield Battery  
  80  5:26  Probe  
  81  5:28  Robotics Facility  
  81  5:34  Forge  
  81  5:37  Twilight Council, Probe  
  81  5:38  Probe  
  83  5:49  Probe  
  84  5:51  Probe  
  85  5:58  Probe  
  85  6:00  Probe  
  87  6:07  Zealot x2, Probe x2  
  87  6:08  Probe  
  87  6:10  Protoss Ground Weapons Level 1  
  93  6:13  Gateway  
  93  6:15  Gateway, Probe x2  
  93  6:17  Probe  
  94  6:22  Assimilator  
  94  6:23  Charge  
  97  6:27  Templar Archives  
  97  6:28  Assimilator, Probe x2  
  97  6:29  Probe  
  97  6:31  Pylon  
  100  6:40  Probe  
  100  6:41  Gateway  
  100  6:45  Gateway, Psionic Storm  
  101  6:48  Gateway  
  101  6:49  Gateway  
  101  6:51  Zealot, Sentry  
  101  6:52  Immortal  
  108  7:13  Gateway  
  108  7:16  Gateway  
  108  7:20  Gateway  
  108  7:22  Gateway  
  108  7:27  High Templar x3  
  114  7:32  Photon Cannon  
  116  7:43  Pylon x3  
  116  7:44  Pylon  
  116  7:50  Zealot  
  116  7:56  Zealot  
  116  8:02  Zealot x6  
  126  8:09  Zealot  
  119  8:15  Zealot x3  
  114  8:21  Zealot  
  114  8:22  Zealot  
  114  8:23  Archon  
  114  8:25  Zealot  
  114  8:26  Zealot x3  
  99  8:34  Zealot x3  
Tags
 
Add a new tag
Caveats
  • Supply blocks, unpowered buildings, or Contaminate may cause inaccurate times.
  • Supply counts are checked every 10 seconds.